 Dungeon Crawl Stone Soup version 0.20-a0-351-gc9b4002 (webtiles) character file.

387 rageheart7 the Vandal (level 7, -1/45 HPs)
             Began as a Halfling Wanderer on Dec 25, 2016.
             Slain by a howler monkey (6 damage)
             ... on level 4 of the Dungeon.
             The game lasted 00:10:34 (4231 turns).

rageheart7 the Vandal (Halfling Wanderer)           Turns: 4231, Time: 00:10:34

Health: -1/45      AC:  7    Str: 16    XL:     7   Next: 6%
Magic:  7/7        EV: 13    Int:  9    God:
Gold:   164        SH:  0    Dex: 14    Spells: 6/6 levels left

rFire  . . .     SeeInvis .     p - +0 dagger
rCold  . . .     Gourm    .     r - +2 leather armour {MR+}
rNeg   . . .     Faith    .     (shield restricted)
rPois  .         Spirit   .     m - +0 helmet
rElec  .         Reflect  .     d - +0 cloak
rCorr  .         Harm     .     (no gloves)
MR     +....                    (no boots)
Stlth  ++........               (no amulet)
                                (no ring)
                                (no ring)

@: starving
A: mutation resistance 1
a: no special abilities


You were on level 4 of the Dungeon.
You were starving.

You visited 1 branch of the dungeon, and saw 4 of its levels.

You collected 164 gold pieces.

Inventory:

Hand Weapons
 b - a +0 shortbow
 k - a +0 hunting sling
 p - a +0 dagger (weapon)
 q - a +0 long sword of slicing
Missiles
 c - 58 arrows
 e - 4 tomahawks
 g - 104 stones (quivered)
Armour
 a - a +2 scale mail
 d - a +0 cloak (worn)
 m - a +0 helmet (worn)
 r - a +2 leather armour of magic resistance (worn)
Wands
 o - a wand of flame (16/48)
Scrolls
 h - 2 scrolls of remove curse
Books
 i - a book of Changes

   Spells                             Type                      Level
   a - Beastly Appendage              Transmutation                1
   b - Sticks to Snakes               Transmutation                2
   c - Spider Form                    Transmutation/Poison         3
   d - Ice Form                       Ice/Transmutation            4
   e - Blade Hands                    Transmutation                5
Comestibles
 f - 2 bread rations
 n - a beef jerky


   Skills:
 - Level 2.6 Fighting
 * Level 2.1 Short Blades
 - Level 6.2(6.7) Slings
 - Level 2.9 Bows
 - Level 2.4(3.6) Throwing
 - Level 3.2 Armour
 * Level 4.3 Stealth


You had 6 spell levels left.
You didn't know any spells.

Dungeon Overview and Level Annotations

Branches:
Dungeon (4/15)
 Temple: D:4-7

Altars:
Cheibriados
Sif Muna
The Shining One


Innate Abilities, Weirdness & Mutations

You are small and have problems with some larger weapons.
You are somewhat resistant to further mutation.


Message History

The howler monkey hits you.
* * * LOW HITPOINT WARNING * * *
You hit the howler monkey.
The howler monkey is severely wounded.
The howler monkey barely misses you.
You hit the howler monkey.
The howler monkey is almost dead.
The howler monkey completely misses you.
A howler monkey skeleton comes into view.
You barely miss the howler monkey.
The howler monkey is almost dead.
The howler monkey hits you.
* * * LOW HITPOINT WARNING * * *
You completely miss the howler monkey.
The howler monkey is almost dead.
The howler monkey closely misses you.
You hit the howler monkey but do no damage.
The howler monkey is almost dead.
The howler monkey hits you.
You die...

#....#.# #≈≈#..##.
###....#.##.# .##≈≈##.)#.
.'....'..... ..≈≈≈≈#K)#.
#....#.##.# #.≈≈≈≈#).#.
#....#.##.# #.≈≈≈≈#..#.
#....#.##.## #
#.#≈≈##..#.
#....#.##.##.###.#≈≈#..##
#..<..Z..h.......## #..#
+......##@##.#...####).#
#......##.##.......##..#
#####............#.....#
#....#..####..<#####
#######...##.##..##.##
..........#..#)...#.
#######.#.#....#..#.
#.#.##..##.##.
#.#..####..#..#


You could see a howler monkey and a howler monkey skeleton.

Vanquished Creatures
  A big kobold (D:4)
  A centaur skeleton (D:4)
  Natasha (thrice) (D:3)
  2 orc wizards
  A worker ant (D:4)
  2 adders (D:2)
  An ooze (D:1)
  A worm (D:3)
  2 dart slugs (D:2)
  3 leopard geckos
  9 orcs
  7 bats
  6 giant cockroaches
  6 hobgoblins
  9 kobolds
  2 quokkas (D:2)
  A ball python (D:2)
  3 frilled lizards
  10 goblins
  3 rats
73 creatures vanquished.

Vanquished Creatures (others)
  An orc wizard (D:3)
1 creature vanquished.

Grand Total: 74 creatures vanquished

Notes
Turn   | Place    | Note
-------+----------+-------------------------------------------
     0 | D:1      | rageheart7 the Halfling Wanderer began the quest for the Orb.
     0 | D:1      | rageheart7 set off with: a +2 scale mail, a +0 shortbow, 28 arrows, a potion of lignification, a bread ration
     0 | D:1      | Reached XP level 1. HP: 15/15 MP: 1/1
    57 | D:1      | Found a glowing golden altar of the Shining One.
   195 | D:1      | Reached skill level 1 in Stealth
   195 | D:1      | Reached XP level 2. HP: 20/20 MP: 2/2
   415 | D:2      | Reached XP level 3. HP: 20/25 MP: 3/3
   685 | D:2      | Found a snail-covered altar of Cheibriados.
   833 | D:2      | Reached skill level 1 in Slings
  1151 | D:2      | Reached XP level 4. HP: 30/30 MP: 4/4
  1158 | D:2      | Reached skill level 2 in Slings
  1954 | D:2      | Reached skill level 3 in Slings
  2162 | D:3      | Reached skill level 4 in Slings
  2162 | D:3      | Reached XP level 5. HP: 17/35 MP: 5/5
  2598 | D:3      | Found a deep blue altar of Sif Muna.
  2665 | D:3      | Reached skill level 5 in Slings
  2816 | D:3      | Noticed Natasha
  2854 | D:3      | Killed Natasha
  2854 | D:3      | Reached XP level 6. HP: 20/41 MP: 6/6
  3012 | D:3      | Noticed Natasha
  3017 | D:3      | Killed Natasha
  3020 | D:3      | Noticed Natasha
  3033 | D:3      | Killed Natasha
  3130 | D:3      | Reached skill level 6 in Slings
  3188 | D:4      | Noticed an ogre
  3346 | D:4      | Noticed an ogre
  3485 | D:4      | Reached skill level 1 in Short Blades
  4192 | D:4      | Reached XP level 7. HP: 45/45 MP: 7/7
  4231 | D:4      | Slain by a howler monkey

Vault maps used:
D:1:      dpeg_arrival_chambers_temple_mockup, tso_metal_star
D:2:      lemuel_doored_altar
D:3:      tgw_sif, uniq_natasha
D:4:      cheibrodos_thug_alley, tgw_trog, first_bread, minmay_close_crescents

Skill      XL: |  1  2  3  4  5  6 |
---------------+-------------------+-----
Stealth        | 1 2 3 4 |  4.3
Slings         | 1 4 5 6 |  6.2
Short Blades   | 2 |  2.1
Fighting       | |  2.6
Bows           | |  2.9
Throwing       | |  2.4
Armour         | |  3.2

Action                   |  1- 3 |  4- 6 |  7- 9 || total
-------------------------+-------+-------+-------++-------
Melee: Hunting sling     |       |     1 |       ||     1
       Long sword        |       |     1 |       ||     1
       Dagger            |       |   137 |    29 ||   166
 Fire: Shortbow          |    34 |       |       ||    34
       Hunting sling     |    50 |   259 |       ||   309
  Use: Potion            |     3 |     5 |       ||     8
       Scroll            |       |     5 |       ||     5
 Stab: Sleeping          |       |     1 |       ||     1
  Eat: Chunk             |       |     8 |       ||     8
Armor: Scale mail        |    12 |   191 |       ||   203
       Skin              |       |     7 |       ||     7
       Leather armour    |       |    10 |     4 ||    14
Dodge: Dodged            |    34 |   227 |    15 ||   276
